 Dungeon Crawl Stone Soup version 0.31.0-11-ge490571c62 (webtiles) character file.

Game seed: 8619054610110667217

478 qw the Ducker (level 6, 0/32 HPs)
             Began as a Spriggan Hunter on Feb 5, 2024.
             Slain by an iguana (9 damage)
             ... on level 4 of the Dungeon.
             The game lasted 00:01:09 (2980 turns).

qw the Ducker (Spriggan Hunter)                     Turns: 2980, Time: 00:01:09

Health: 0/32       AC:  2    Str:  7    XL:     6   Next: 86%
Magic:  7/7        EV: 24    Int: 10    God:
Gold:   256        SH:  0    Dex: 27    Spells: 5/5 levels left

rFire   + . .        a - +0 shortbow
rCold   . . .        (shield currently unavailable)
rNeg    . . .        c - +0 robe
rPois   .            (helmet restricted)
rElec   .            (no cloak)
rCorr   .            (gloves unavailable)
SInv    +            (boots unavailable)
Will    +....        (no amulet)
Stlth   +++          k - +6 ring of dexterity
HPRegen 0.25/turn    o - ring of protection from fire
MPRegen 0.10/turn

%: no passive effects
@: about to teleport, very quick
A: very small, no large weapons, unfitting armour, see invisible, speed 3
a: no special abilities


You were on level 4 of the Dungeon.
You visited 1 branch of the dungeon, and saw 5 of its levels.
You also visited: Ossuary.

You collected 256 gold pieces.


Innate Abilities, Weirdness & Mutations

You are very small and have problems with some larger weapons.
You are too small for most types of armour.
You have supernaturally acute eyesight. (SInv)
You cover ground extremely quickly. (Speed+++)


   Skills:
 - Level 3.0 Fighting
 - Level 6.1 Ranged Weapons
 + Level 6.4 Dodging
 - Level 1.5 Stealth


You had 5 spell levels left.
You didn't know any spells.
Your spell library was empty.

Inventory:

Hand Weapons
 a - a +0 shortbow (weapon)
Armour
 c - a +0 robe (worn)
Jewellery
 k - a +6 ring of dexterity (left hand)
 o - a ring of protection from fire (right hand)
Scrolls
 e - 5 scrolls of teleportation
Potions
 b - a potion of lignification {unknown}
 d - a potion of berserk rage {unknown}
 f - 4 potions of curing
 g - a potion of might {unknown}
 h - a potion of magic {unknown}
 i - a potion of mutation {unknown}
 j - a potion of enlightenment
 l - a potion of heal wounds {unknown}
 m - a potion of degeneration {unknown}
 n - a potion of brilliance {unknown}

Dungeon Overview and Level Annotations

Branches:
Dungeon (5/15)            Ossuary (visited)
 Temple: D:4-7

Altars:

Annotations:
D:4 3 runed translucent doors, qw's ghost, amateur SpHu


Message History

The lemure closely misses you.
You shoot an arrow. The arrow hits the lemure!
The lemure is almost dead.
The lemure barely misses you. The lemure misses you.
You shoot an arrow. The arrow barely misses the lemure.
The lemure hits you.
You shoot an arrow. The arrow hits the lemure!
You kill the lemure!
That felt strangely unrewarding.
You start resting.
HP restored.
You climb downwards.
The iguana bites you!
A lemure comes into view.
There is a stone staircase leading up here.
2973 ||| STAIRDANCE The iguana closely misses you.
You climb upwards.
Level annotation: 3 runed translucent doors, qw's ghost, amateur SpHu
There is a stone staircase leading down, spattered with blood here.
You shoot an arrow. The arrow hits the iguana!
The iguana is heavily wounded.
The iguana closely misses you.
You shoot an arrow.
The arrow hits the iguana but does no damage.
The iguana is heavily wounded.
The iguana bites you!
2977 ||| READING 6 scrolls of teleportation.
As you read the scroll of teleportation, it crumbles to dust.
You feel strangely unstable. The iguana misses you.
You shoot an arrow. The arrow closely misses the iguana.
The iguana bites you but does no damage.
You shoot an arrow.
The arrow hits the iguana but does no damage.
The iguana is heavily wounded.
The iguana closely misses you.
You shoot an arrow. The arrow hits the iguana.
The iguana is heavily wounded.
The iguana closely misses you. The iguana bites you!
You die...

.)<.....###...#.#
..............).#
...####.#.......#
...# #.##.....##
...# #.###....# ...#
#.# #..#.# ...#
##.###.##.##### ..##
#..........l..# ..#
#..##......@#.#
..####.............#
........##.........#
...###.####.#...#..#
######.# #..#.##..#
....##.# ##.#.##..#
###.##.# ##.#.##..#
#.##.# ##.#..##..#
#.##.###.###.##..#


You could see an iguana.

Vanquished Creatures
  Menkaure (D:4)
  An ogre (D:4)
  A lemure (D:4)
  A scorpion (D:4)
  A hound (D:4)
  An orc priest (D:4)
  An iguana (D:4)
  An adder (D:2)
  4 dart slugs
  A ribbon worm (D:2)
  7 orcs
  3 ball pythons
  5 bats
  8 endoplasms
  12 giant cockroaches
  13 goblins
  6 hobgoblins
  9 jackals
  4 frilled lizards
  A gnoll skeleton (Ossuary)
  2 gnoll zombies (Ossuary)
  2 goblin skeletons (Ossuary)
  A goblin zombie (Ossuary)
  A hobgoblin zombie (Ossuary)
  3 kobolds
  2 kobold skeletons (Ossuary)
  A kobold zombie (Ossuary)
  2 orc skeletons (Ossuary)
  An orc zombie (Ossuary)
  A rat (D:2)
  A rat skeleton (Ossuary)
  2 rat zombies (Ossuary)
100 creatures vanquished.

Notes
Turn   | Place    | Note
-------+----------+-------------------------------------------
     0 | D:1      | qw the Spriggan Hunter began the quest for the Orb.
     0 | D:1      | Reached XP level 1. HP: 10/10 MP: 2/2
     0 | D:1      | 0 ||| qw: Version: 0.3-a-160-g6735b56
     0 | D:1      | 0 ||| qw: Game counter: 6464
     0 | D:1      | 0 ||| qw: Melee chars always use a shield: true
     0 | D:1      | 0 ||| qw: God list: Okawaru
     0 | D:1      | 0 ||| qw: Allow faded altars: false
     0 | D:1      | 0 ||| qw: Do Orc after clearing Dungeon:15 true
     0 | D:1      | 0 ||| qw: Do second Lair branch before Depths: true
     0 | D:1      | 0 ||| qw: Lair rune preference: random
     0 | D:1      | 0 ||| qw: Goals: Normal
     0 | D:1      | 0 ||| PLANNING D:1-11
    21 | D:1      | Reached skill level 3 in Dodging
   200 | D:1      | Reached XP level 2. HP: 14/14 MP: 3/3
   295 | D:1      | Reached XP level 3. HP: 18/18 MP: 4/4
   754 | D:1      | 754 ||| READING 3 scrolls labelled JAIBRO YGYFFISTI.
   754 | D:1      | 754 ||| IDENTIFYING amethyst potion
   755 | D:1      | 755 ||| READING 2 scrolls of identify.
   755 | D:1      | 755 ||| IDENTIFYING 2 clear potions
   756 | D:1      | 756 ||| READING scroll of identify.
   756 | D:1      | 756 ||| IDENTIFYING scroll labelled YSTRINTARPHU
   757 | D:1      | 757 ||| READING scroll labelled EPASCH NAOGOOWK.
   758 | D:1      | 758 ||| READING scroll labelled NAONU NILO.
   759 | D:1      | 759 ||| READING scroll labelled PIARUNG JYXEY.
   760 | D:1      | 760 ||| DROPPING scroll of butterflies.
   762 | D:1      | 762 ||| Stepping ~*~*~tactically~*~*~ (cloud).
  1501 | D:2      | Reached XP level 4. HP: 22/22 MP: 5/5
  1644 | D:2      | 1644 ||| UPGRADING to +6 ring of dexterity.
  1645 | D:2      | 1645 ||| READING scroll of identify.
  1645 | D:2      | 1645 ||| IDENTIFYING puce potion
  1646 | D:2      | 1646 ||| DROPPING potion of attraction.
  1703 | D:3      | Found a faded altar of an unknown god.
  1984 | D:3      | 1984 ||| UPGRADING to ring of protection from fire.
  2006 | D:4      | 2006 ||| PLANNING OSSUARY
  2008 | D:4      | Noticed qw's ghost (amateur SpHu)
  2013 | D:4      | 2013 ||| STAIRDANCE
  2054 | D:4      | Noticed a bullfrog
  2060 | D:4      | Found a runed translucent gate.
  2060 | D:4      | Found a runed translucent gate.
  2060 | D:4      | Found a runed translucent gate.
  2106 | D:4      | Noticed a scorpion
  2107 | D:4      | 2107 ||| ZAPPING wand of mindburst (4) at 6,0 (scorpion;
                  | floor).
  2108 | D:4      | 2108 ||| ZAPPING wand of mindburst (3) at 5,0 (scorpion;
                  | floor).
  2109 | D:4      | 2109 ||| ZAPPING wand of mindburst (2) at 4,0 (scorpion;
                  | floor).
  2110 | D:4      | 2110 ||| ZAPPING wand of mindburst (1) at 2,0 (scorpion;
                  | floor).
  2110 | D:4      | Killed a scorpion
  2111 | D:4      | Reached skill level 6 in Dodging
  2111 | D:4      | Reached XP level 5. HP: 25/25 MP: 6/6
  2214 | D:4      | Noticed Menkaure
  2218 | D:4      | Killed Menkaure
  2219 | D:4      | Reached skill level 3 in Fighting
  2219 | D:4      | Reached XP level 6. HP: 32/32 MP: 7/7
  2403 | D:4      | Found a sand-covered staircase.
  2408 | Ossuary  | Entered an ossuary
  2583 | D:4      | 2583 ||| PLANNING D:1-11
  2834 | D:5      | Entered Level 5 of the Dungeon
  2840 | D:5      | 2840 ||| STAIRDANCE
  2847 | D:4      | Reached skill level 6 in Ranged Weapons
  2887 | D:5      | 2887 ||| STAIRDANCE
  2973 | D:5      | 2973 ||| STAIRDANCE
  2976 | D:4      | HP: 8/32 [iguana (14)]
  2977 | D:4      | 2977 ||| READING 6 scrolls of teleportation.
  2980 | D:4      | Slain by an iguana

Levels and vault maps discovered:
D:1:      dpeg_arrival_rooms_with_view, layout_loops_ring,
          chequers_serial_rivers_small_b, minmay_worlds_worst_comb
D:2:      cheibrodos_greedy_goblins, layout_loops_corners
D:3:      layout_rooms, chequers_ecumenical_altar_island, minmay_misc_feat_five,
          nrook_campfire
D:4:      layout_loops_ring, gammafunk_ghost_split, enter_ossuary_5,
          uniq_menkaure
D:5:      layout_loops_cross, mainiacjoe_overflow_boulevard,
          mainiacjoe_overflow_small_starburst, uniq_pikel

Skill      XL: |  1  2  3  4  5  6 |
---------------+-------------------+-----
Dodging        | 3 4 6 |  6.4
Ranged Weapons | 5 6 |  6.1
Fighting       | 3 |  3.0
Stealth        | |  1.5

Action                     |  1- 3 |  4- 6 || total
---------------------------+-------+-------++-------
   Fire: Shortbow          |   122 |   130 ||   252
  Evoke: Wand              |       |     4 ||     4
    Use: Scroll            |     6 |     2 ||     8
 Armour: Robe              |     8 |    14 ||    22
  Dodge: Dodged            |    55 |    39 ||    94

Table legend:
 A = Non-vault XP
 B = Vault XP
 C = Vault XP percentage of total XP
 D = Non-vault monster count
 E = Vault monster count
 F = Vault count percentage of total count
                 A         B        C        D         E       F
            +---------+---------+-------+---------+---------+-------
      Total |     460 |     224 |  32.7 |      65 |      34 |  34.3
            +---------+---------+-------+---------+---------+-------
        D:1 |      34 |      19 |  35.8 |      18 |       9 |  33.3
        D:2 |      38 |      16 |  29.6 |      16 |       8 |  33.3
        D:3 |      33 |       0 |   0.0 |      14 |       0 |   0.0
        D:4 |     355 |     172 |  32.6 |      17 |       1 |   5.6
    Ossuary |       0 |      17 | 100.0 |       0 |      16 | 100.0
            +---------+---------+-------+---------+---------+-------
